 Dungeon Crawl Stone Soup version 0.23.2-1-ga50397a6bc (webtiles) character file.

Game seed: 13193754462314101500

15 Elkator the Ruffian (level 2, 0/23 HPs)
             Began as a Draconian Transmuter on May 30, 2019.
             Slain by a leopard gecko (2 damage)
             ... on level 1 of the Dungeon.
             The game lasted 00:04:51 (226 turns).

Elkator the Ruffian (Draconian Transmuter)           Turns: 226, Time: 00:04:52

Health: 0/23       AC:  4    Str: 12    XL:     2   Next: 34%
Magic:  4/5        EV: 12    Int: 13    God:
Gold:   12         SH:  0    Dex: 11    Spells: 2/5 levels left

rFire    . . .     SeeInvis .     - Unarmed
rCold    . . .     Gourm    .   (no shield)
rNeg     . . .     Faith    .   (armour unavailable)
rPois    .         Spirit   .   (helmet restricted)
rElec    .         Reflect  .   (no cloak)
rCorr    .         Harm     .   (no gloves)
MR       .....                  (boots currently unavailable)
Stlth    +.........             (no amulet)
HPRegen  0.07/turn              (no ring)
MPRegen  0.09/turn              (no ring)

@: appendage (expiring)
A: unfitting armour, talons 3, cold-blooded, AC +4
a: End Transformation


You were on level 1 of the Dungeon.
You were not hungry.
You had grown temporary talons.
You visited 1 branch of the dungeon, and saw 1 of its levels.

You collected 12 gold pieces.

Inventory:

Missiles
 a - 12 arrows
Scrolls
 e - a scroll of amnesia {unknown}
Potions
 d - a potion of magic {unknown}
 f - a potion of brilliance {unknown}
Comestibles
 b - 17 chunks of flesh
 c - a ration


   Skills:
 + Level 1.1 Fighting
 + Level 2.0 Dodging
 + Level 3.4 Unarmed Combat
 + Level 2.1 Spellcasting
 + Level 2.1 Transmutations


You had 2 spell levels left.
You knew the following spells:

 Your Spells              Type           Power        Failure   Level  Hunger
a - Beastly Appendage     Tmut           #.....       11%         1    ##.....
b - Sticks to Snakes      Tmut           #.......     16%         2    ###....

Your spell library contained the following spells:

 Spells                   Type           Power        Failure   Level  Hunger
 Spider Form              Tmut/Pois      #.........   43%         3    ####...
 Ice Form                 Ice/Tmut       #.......     85%         4    #####..
 Blade Hands              Tmut           #.........   96%         5    ######.


Dungeon Overview and Level Annotations

Branches:
Dungeon (1/15)

Altars:


Innate Abilities, Weirdness & Mutations

Your plain brown scales are hard. (AC +4)
You cannot fit into any form of body armour.
You are cold-blooded and may be slowed by cold attacks.
You have claws for feet.


Message History

Confirm with . or Enter, or press ? or * to list all spells.
You extend your transformation's duration.
Unknown command.
You hit the leopard gecko.
The leopard gecko is lightly wounded.
The leopard gecko bites you.
You closely miss the leopard gecko. Your kick misses the leopard gecko.
The leopard gecko is lightly wounded.
Your transformation is almost over.
The leopard gecko closely misses you.
You hit the leopard gecko but do no damage.
The leopard gecko is lightly wounded.
The leopard gecko bites you.
* * * LOW HITPOINT WARNING * * *
The leopard gecko bites you.
* * * LOW HITPOINT WARNING * * *
You closely miss the leopard gecko. You claw the leopard gecko.
The leopard gecko is severely wounded.
The leopard gecko bites you.
You die...

##....###.. ..... ...........
..... .........### .
..#.###......... ..
.....#.......# ...
###..[........# ....
..............# ....# .# ..
#....).....#.....###.### ..
#######.........@l.....'..... ..
.................#.(...##...# ..
.......................##...###..
.......................##...#.+..
.......###+###.........##.#.#.#..
.......# #.# #.........##.#...'..
.......###.# #..#########.###.#..
.........#.# #..........#.....#..
.........#.###.###.........).....


You could see a leopard gecko.

Vanquished Creatures
  A leopard gecko (D:1)
  A bat (D:1)
  2 goblins (D:1)
  5 hobgoblins (D:1)
  2 kobolds (D:1)
11 creatures vanquished.

Notes
Turn   | Place    | Note
-------+----------+-------------------------------------------
     0 | D:1      | Elkator the Draconian Transmuter began the quest for the
                  | Orb.
     0 | D:1      | Reached XP level 1. HP: 16/16 MP: 3/3
   110 | D:1      | Reached XP level 2. HP: 19/23 MP: 3/5
   132 | D:1      | Learned a level 2 spell: Sticks to Snakes
   226 | D:1      | Slain by a leopard gecko

Skill      XL: |  1  2 |
---------------+-------+-----
Dodging        | 2 |  2.0
Fighting       | |  1.1
Unarmed Combat | |  3.4
Spellcasting   | |  2.1
Transmutations | |  2.1

Action                   || total
-------------------------++-------
Melee: Unarmed           ||    36
       Tailslap          ||     3
       Kick              ||     1
       Headbutt          ||     1
 Cast: Beastly Appendage ||     5
Armor: Skin              ||     5
Dodge: Dodged            ||    19
